 Dungeon Crawl Stone Soup version 0.14-a0-2374-ge879b5e (webtiles) character file.

1906 Kae the Basher (level 9, -8/43 HPs)
             Began as a Vine Stalker Berserker on Feb 1, 2014.
             Was an Elder of Trog.
             Mangled by Econoterrorist's ghost (22 damage)
             ... on Level 6 of the Dungeon.
             The game lasted 00:09:40 (4594 turns).

Kae the Basher (Vine Stalker Berserker)             Turns: 4594, Time: 00:09:41

HP  -8/43        AC  2     Str 22      XL: 9   Next:  3%
MP   0/12        EV 12     Int  7      God: Trog [****..]
Gold 202         SH  0     Dex 15      Spells:  0 memorised,  8 levels left

rFire  . . .     SeeInvis .     a - +0 mace (curse)
rCold  . . .     Clarity  .     b - +0 animal skin
rNeg   . . .     Conserve .     (no shield)
rPois  +         rCorr    .     f - +0 hat
rElec  .         rRot     +     (no cloak)
SustAb . .       Spirit   +     (no gloves)
rMut   .         Warding  .     (no boots)
Saprov . . .     Stasis   .     (no amulet)
MR     ++...                    (no ring)
                                k - ring of poison resistance

@: regenerating, very resistant to hostile enchantments, quite stealthy
A: fangs 3, regeneration 2, magic shield, antimagic bite, no device heal
a: Burn Spellbooks, Berserk, Trog's Hand, Brothers in Arms, Renounce Religion


You were on level 6 of the Dungeon.
You worshipped Trog.
Trog was greatly pleased with you.
You were not hungry.

You visited 1 branch of the dungeon, and saw 6 of its levels.

You collected 202 gold pieces.

Inventory:

Hand weapons
 a - a cursed +0,+0 mace (weapon)
Missiles
 w - 2 silver tomahawks (quivered)
Armour
 b - a +0 animal skin (worn)
 f - a +0 hat (worn)
Magical devices
 l - a wand of confusion (0)
 n - a wand of frost (0)
 p - a wand of digging (19)
Comestibles
 c - 4 bread rations
 h - 3 meat rations
 i - 2 pears
 o - 2 lemons
 u - a rotting chunk of orc flesh
 A - a chunk of kobold flesh
Scrolls
 e - 2 scrolls of remove curse
 g - 2 scrolls of identify
 v - a scroll of enchant armour {unknown}
 y - a scroll of amnesia {unknown}
Jewellery
 k - a ring of poison resistance (left hand)
 x - a +4 ring of dexterity {unknown}
Potions
 d - a potion of heal wounds
 j - 2 potions of speed {unknown}
 m - a potion of restore abilities {unknown}
 q - 2 potions of lignification {unknown}
 r - a potion of cure mutation {unknown}
 s - 2 potions of curing
 t - a potion of agility {unknown}
 z - a potion of berserk rage {unknown}


   Skills:
 - Level 2.6 Fighting
 + Level 9.9 Maces & Flails
 - Level 1.5 Armour
 - Level 1.5 Dodging
 + Level 5.3 Stealth
 + Level 0.4 Evocations


You had 8 spell levels left.
You didn't know any spells.

Dungeon Overview and Level Annotations

Branches:
Dungeon (6/16)
 Temple: D:4-7

Altars:
Sif Muna
Vehumet
Xom

Shops:
D:4 /

Annotations:
D:6 Econoterrorist's ghost, experienced TrMo


Innate Abilities, Weirdness & Mutations

You have razor-sharp teeth.
You heal very quickly.
When hurt, damage is shared between your health and your magic reserves.
Your bite disrupts and absorbs the magic of your enemies.
Potions and wands cannot restore your HP.


Message History

Econoterrorist's ghost is moderately damaged.
Econoterrorist's ghost hits you.
You closely miss Econoterrorist's ghost.
You bite Econoterrorist's ghost! You drain its power.
You feel invigorated.
Econoterrorist's ghost is moderately damaged.
Econoterrorist's ghost hits you!
* * * LOW HITPOINT WARNING * * *
You are too injured to fight recklessly!
You are too injured to fight recklessly!
You are too injured to fight recklessly!
You are too injured to fight recklessly!
You are too injured to fight recklessly!
You are too injured to fight recklessly!
You are too injured to fight recklessly!
Use which ability? (? or * to list)
Your skin crawls.
You feel resistant to hostile enchantments.
You feel slightly more hungry. Econoterrorist's ghost hits you!
Ouch! That really hurt!
You die...

##.##......# #.##.#.#...#.......
##.##.##.#.####.##.#...#...####..
##...........##.##.#...#...# #..
#####.##.###.##.##.#.#####.# ###
##.##.# #.......#...#...#
#.....###.##.######.#.#.#
#...............#..)....#
#.##'##.#.......#.##+##.#
#.#...#.#...p@..#.#...#.#
#.'[..'.#.........'...'.#
#.#...#.#.......#.#...#.#
#.##'##.#.......#.##'##.#
#.......#...."..#.......#
##.....###.######.##....#
#.....##.......#.##.##.#
#........##'##..)......#
#.....#..#...#.##.#.####


You could see Econoterrorist's ghost.

Vanquished Creatures
  Grinder (D:3)
  The ghost of timbw the Magician, an average DgFE (D:5)
  Menkaure (D:5)
  A phantom (D:4)
  2 centaurs (D:5)
  3 ogres (D:4)
  Sigmund (D:2)
  2 hounds (D:4)
  4 crimson imps
  2 orc priests
  3 orc wizards
  2 iguanas
  A worker ant (D:4)
  An ogre zombie (D:3)
  Terence (D:2)
  5 adders
  4 gnolls (D:2)
  2 giant mites
  An inept feature mimic (D:2)
  3 worms
  A giant eyeball (D:5)
  6 giant geckos
  An ooze (D:3)
  9 orcs
  A ball python (D:6)
  7 hobgoblins
  8 jackals
  10 bats
  2 giant cockroaches
  3 giant newts
  A gnoll skeleton (D:4)
  14 goblins
  A hobgoblin skeleton (D:4)
  8 kobolds
  A quokka (D:4)
  12 rats
  A rat skeleton (D:5)
  A rat zombie (D:5)
128 creatures vanquished.

Notes
Turn   | Place    | Note
--------------------------------------------------------------
     0 | D:1      | Kae, the Vine Stalker Berserker, began the quest for the Orb.
     0 | D:1      | Reached XP level 1. HP: 11/11 MP: 1/1
    19 | D:1      | Reached skill level 3 in Maces & Flails
    60 | D:1      | Reached XP level 2. HP: 16/16 MP: 3/3
   222 | D:1      | Acquired Trog's second power
   232 | D:1      | Reached XP level 3. HP: 11/19 MP: 2/4
   597 | D:2      | Noticed Sigmund
   603 | D:2      | Killed Sigmund
   603 | D:2      | Reached skill level 4 in Maces & Flails
   603 | D:2      | Reached skill level 1 in Stealth
   603 | D:2      | Reached XP level 4. HP: 21/23 MP: 5/5
   775 | D:2      | Reached XP level 5. HP: 25/27 MP: 7/7
   863 | D:2      | Reached skill level 5 in Maces & Flails
  1360 | D:2      | Noticed Terence
  1389 | D:2      | Killed Terence
  1727 | D:3      | Gained mutation: You heal very quickly. [vine stalker growth]
  1727 | D:3      | Reached XP level 6. HP: 32/32 MP: 8/8
  1795 | D:3      | Reached skill level 6 in Maces & Flails
  1956 | D:3      | Noticed Grinder
  1975 | D:3      | Killed Grinder
  1975 | D:3      | Reached skill level 7 in Maces & Flails
  1975 | D:3      | Reached XP level 7. HP: 29/35 MP: 6/9
  2095 | D:3      | Found a shimmering altar of Xom.
  2281 | D:4      | Found Skil's Magical Wand Emporium.
  2699 | D:4      | Reached skill level 8 in Maces & Flails
  2804 | D:4      | Gained mutation: You have razor-sharp teeth. [vine stalker growth]
  2804 | D:4      | Reached XP level 8. HP: 28/39 MP: 11/11
  3047 | D:4      | Found a deep blue altar of Sif Muna.
  3078 | D:5      | Entered Level 5 of the Dungeon
  3111 | D:5      | Found a radiant altar of Vehumet.
  3125 | D:5      | Acquired Trog's third power
  3379 | D:5      | Noticed timbw's ghost (average DgFE)
  3396 | D:5      | Killed timbw's ghost
  3396 | D:5      | Reached skill level 9 in Maces & Flails
  3414 | D:5      | Noticed Menkaure
  3424 | D:5      | Killed Menkaure
  3962 | D:5      | Reached skill level 5 in Stealth
  4438 | D:6      | Reached XP level 9. HP: 43/43 MP: 12/12
  4584 | D:6      | Noticed Econoterrorist's ghost (experienced TrMo)
  4594 | D:6      | Mangled by Econoterrorist's ghost

Action                   |  1- 3 |  4- 6 |  7- 9 || total
-------------------------+-------+-------+-------++-------
Melee: Mace              |    65 |   125 |   208 ||   398
Invok: Berserk           |     1 |       |     1 ||     2
       Trog's Hand       |       |     2 |     5 ||     7
Evoke: Wand              |       |       |     1 ||     1
  Use: Potion            |       |     3 |       ||     3
       Scroll            |       |     2 |     7 ||     9
 Stab: Sleeping          |       |       |     6 ||     6
       Distracted        |       |       |     1 ||     1
